[Event "1000 GM Labor Day Super Swiss 2024"]
[Site "San Jose"]
[Date "2024.08.31"]
[Round "1.1"]
[White "Wu, Derek"]
[Black "Yoo, Christopher Woojin"]
[Result "0-1"]
[Annotator "TA"]
[ECO "A57"]
[WhiteElo "2278"]
[BlackElo "2616"]
[PlyCount "58"]
[EventDate "2024.08.30"]
[EventCountry "USA"]
[SourceTitle "playchess.com"]
[Source "ChessBase"]
[SourceQuality "1"]
[TimeControl "5400+30"]

1. d4 Nf6 2. c4 c5 3. d5 b5 4. cxb5 a6 5. e3 g6 6. Nc3 Bg7 7. Nf3 O-O 8. a4 d6 9. Bc4 (9. e4 $14) 9... axb5 $11 10. Bxb5 Ba6 11. Ra3 {[%emt 0:06:06] White is slightly better.} Bxb5 12. Nxb5 (12. axb5 Rxa3 13. bxa3 Qa5 $17) 12... Qd7 13. O-O Qf5 14. Nc3 (14. Nd2 $1 $14) 14... Ne4 ({Black should try} 14... Na6 $11) 15. Nb5 (15. Nh4 $14 Qe5 16. Qd3 Nxc3 17. bxc3) 15... Na6 16. Nh4 Qf6 {[%emt 0:00:53] [#]} (16... Qc8 $11) 17. Qg4 ({White has to play} 17. g3 $1 $16) 17... Qe5 18. Rd1 h5 (18... Nf6 $11 19. Qc4 Qe4) 19. Qe2 $16 Nb4 20. Qc4 (20. Nf3 $16 Qf5 21. Ne1) 20... e6 $36 {[%emt 0:08:55][%mdl 2048] Black fights for an advantage.} (20... Nxf2 $2 21. Kxf2 Qg5 (21... Qxh2 $2 22. Nf3 $18) 22. Nf3 $18) 21. f4 (21. dxe6 $11 {remains equal.} d5 22. Qf1 (22. exf7+ $2 Rxf7 23. Nxg6 Qg5 $19)) 21... exd5 $17 22. fxe5 (22. Qb3 $142 Qf6 23. Nf3) 22... dxc4 23. exd6 (23. Nxd6 $17 Nxd6 24. exd6) 23... Nd3 $19 24. b3 Nxc1 ({Don't take} 24... cxb3 25. Rxd3 b2 (25... c4 26. Rd4 $17) 26. Bxb2 Bxb2 27. Ra2 $19) ({Better is} 24... Nc3 $19 25. Nxc3 (25. bxc4 $2 Nxc1 26. Nxc3 Bxc3 $19) 25... Bxc3 26. Rxd3 (26. bxc4 $2 Nxc1 27. e4 Bb2 $19) 26... cxd3) 25. Rxc1 $17 cxb3 26. Rxb3 Rxa4 27. Na3 $2 {[%emt 0:03:30][%mdl 8192] [#]} (27. Nf3 $17) 27... Nxd6 $19 {[%emt 0:00:59] Black is clearly winning.} 28. Nf3 c4 29. Rb6 Nc8 {[%emt 0:00:05] Weighted Error Value: White=0.70/Black=0.33.  Loses game:     	White=1     	---        Mistake:       	White=7     	Black=4      Inaccurate:     	---       	Black=1      OK:         	White=3     	Black=8      Best:        	White=2     	Black=4} ({Weaker is} 29... Rxa3 30. Rxd6 Rc8 (30... Rxe3 31. Rxc4 Bh6 32. Rdc6 $17) 31. Kf2 $19) 0-1

[Event "1000 GM Labor Day Super Swiss 2024"]
[Site "San Jose"]
[Date "2024.08.31"]
[Round "1.2"]
[White "Quesada Perez, Yasser"]
[Black "Bansal, Advay"]
[Result "1-0"]
[Annotator "TA"]
[ECO "B50"]
[WhiteElo "2581"]
[BlackElo "2234"]
[PlyCount "81"]
[EventDate "2024.08.30"]
[EventCountry "USA"]
[SourceTitle "playchess.com"]
[Source "ChessBase"]
[SourceQuality "1"]
[TimeControl "5400+30"]

1. e4 c5 2. Nf3 d6 3. c3 Nf6 4. h3 Nc6 5. Bd3 e5 6. Bc2 d5 7. exd5 Qxd5 8. Qe2 Be6 {[%emt 0:01:01] The position is equal.} 9. d3 O-O-O 10. O-O h6 11. Ba4 e4 12. dxe4 Qxe4 13. Qxe4 Nxe4 14. Re1 Nf6 15. Bxc6 bxc6 16. Ne5 Kb7 17. Na3 Bd6 18. Nec4 Bc7 19. Be3 Rd5 20. Nd2 Rhd8 21. Nb3 Bb6 22. Nc4 g5 23. Nca5+ {[%emt 0:05:36] A dynamic duo of knights.} Kc7 24. c4 Rd3 25. Bxc5 {[%emt 0:01:22] Threatens to win with Be7.} Nd7 (25... Rb8 $1 $11 {remains equal.}) 26. Be7 $36 {[%emt 0:02:03][%mdl 2048] Keeping Black busy.} Rb8 {[%emt 0:01:20] [#]} 27. c5 $1 {[%emt 0:05:20] Chess con chili.} Bxa5 28. Nxa5 {[%emt 0:00:04] Hoping for Bd6+.} Rxb2 29. Bd6+ Kc8 (29... Rxd6 $16 {is a better defense.} 30. cxd6+ Kxd6) 30. Nxc6 $18 Rdd2 31. Rf1 {[%emt 0:11:58] [#]} (31. Nxa7+ Kb7 32. c6+ Kxa7 $14) (31. Rab1 $18 Rxb1 32. Rxb1) 31... Bc4 (31... Kb7 $16 32. Nd8+ Ka6) 32. Rfc1 (32. Nxa7+ Kb7 33. Rfc1 Be6 (33... Bxa2 $2 34. c6+ Kxa7 35. cxd7 $18) 34. c6+ Kxa7 $14) 32... Bxa2 (32... Be6 $16) 33. Nxa7+ ({Not} 33. Ne7+ Kd8 $16) 33... Kd8 34. Nc6+ Kc8 35. Bg3 ({Resist} 35. Ne7+ $6 Kd8 36. Nc6+ Kc8 $16) 35... h5 36. h4 gxh4 (36... f6 37. Ne7+ Kd8) 37. Ne7+ ({Don't do} 37. Bxh4 Kc7 $18) 37... Kd8 38. Bxh4 f6 39. Nf5 Be6 (39... Rbc2 $142 40. Rxc2 Rxc2) 40. Ng7 Bd5 41. c6 {[%emt 0:00:13] Weighted Error Value: White=0.23 (precise) /Black=0.45.  Loses game:     	---       	Black=1      Missed win:     	White=1     	---        Mistake:       	---       	Black=5      Inaccurate:     	White=2     	Black=2      OK:         	White=17    	Black=7      Best:        	White=1     	Black=4      Strong:       	White=1     	---} 1-0

[Event "1000 GM Labor Day Super Swiss 2024"]
[Site "San Jose"]
[Date "2024.08.31"]
[Round "1.3"]
[White "Chinni, Rishabh"]
[Black "Corrales Jimenez, Fidel"]
[Result "0-1"]
[Annotator "TA"]
[ECO "B90"]
[WhiteElo "2220"]
[BlackElo "2564"]
[PlyCount "66"]
[EventDate "2024.08.30"]
[EventCountry "USA"]
[SourceTitle "playchess.com"]
[Source "ChessBase"]
[SourceQuality "1"]
[TimeControl "5400+30"]

1. e4 c5 2. Nf3 d6 3. d4 cxd4 4. Nxd4 Nf6 5. Nc3 a6 6. f3 e5 7. Nb3 Be6 8. Be3 Be7 9. Qd2 h5 10. Nd5 Bxd5 11. exd5 Nbd7 12. Na5 {[%emt 0:00:25][%cal Oc2c4] White is slightly better.} Qc7 13. c4 e4 14. Be2 exf3 (14... Ne5 {is more complex.} 15. Bd4 O-O 16. f4 e3) 15. gxf3 O-O 16. O-O Rfe8 17. b4 Bf8 18. Bd4 g6 19. Rac1 Bg7 20. Nb3 b6 21. Rfd1 a5 22. c5 (22. bxa5 $11 bxa5 23. Be3) 22... bxc5 $1 $17 (22... Nxd5 23. Bxg7 Kxg7 24. Qxd5 $16) 23. bxc5 a4 (23... Nxd5 $2 24. Bxg7 Kxg7 25. Qxd5 $18) 24. cxd6 $2 {[%emt 0:10:11] Now White is beyond hope.} (24. c6 $17 {was necessary.} axb3 25. cxd7 Qxd7 26. axb3) 24... Qxd6 $19 25. Nc5 {[%emt 0:00:04] [#]} (25. Bc4) 25... Ng4 $1 26. fxg4 {[%emt 0:17:49] [#] Black must now prevent Bxg7.} Bxd4+ (26... Qxd5 $2 {perishes.} 27. Bxg7 Qxd2 28. Rxd2 $18) 27. Qxd4 Rxe2 28. Kf1 Rxh2 {[%emt 0:01:14][%cal Od6g3] ( -> ...Qg3!)} 29. Nxd7 Qxd7 30. Qe5 {[%emt 0:03:12] Prevents Qe7.} Rxa2 (30... Rh1+ 31. Kf2 Rh3 (31... Rxd1 $2 32. Rxd1 Qxg4 33. Rd4 $19) 32. Rc3 Qxg4 (32... Rxc3 $2 33. Qxc3 Qxg4 34. Rd4 $19) 33. Rdc1 $19) 31. Rd4 Re8 32. Qc7 Qb5+ 33. Qc4 Qb2 {[%emt 0:00:09] Weighted Error Value: White=1.15/Black=0.04 (flawless) .  Loses game:     	White=1     	---        Mistake:       	White=2     	---        Inaccurate:     	White=4     	Black=3      OK:         	White=1     	Black=6      Best:        	White=1     	Black=1      Strong:       	---       	Black=1      Brilliant:      	---       	Black=1} (33... Rc8 $142 34. d6 Rxc4 35. Rdxc4 hxg4 36. Kg1 Qb6+ 37. Kh1 Rh2+ (37... Qxd6 {gets mated.} 38. R4c2 Rxc2 39. Rxc2 Qd1+ 40. Kh2 Qxc2+ 41. Kg3 Qd2 42. Kh4 Qe3 43. Kxg4 Kg7 44. Kh4 Qf3 45. Kg5 Qg3#) 38. Kxh2 Qf2+ (38... Qxd6+ $2 39. Kh1 $19) 39. Kh1 g3 40. Rc8+ Kg7 41. Rg8+ Kxg8 (41... Kf6 {is a self mate.} 42. Rh8 g2+ 43. Kh2 g1=R+ 44. Kh3 Qg3#) 42. Rc8+ Kg7 43. Rg8+ Kxg8 44. d7 Qh2#) 0-1

[Event "1000 GM Labor Day Super Swiss 2024"]
[Site "San Jose"]
[Date "2024.08.31"]
[Round "1.4"]
[White "Harsha Bharathakoti"]
[Black "Atwell, Rose"]
[Result "1-0"]
[Annotator "TA"]
[ECO "A20"]
[WhiteElo "2550"]
[BlackElo "2208"]
[PlyCount "73"]
[EventDate "2024.08.30"]
[EventCountry "USA"]
[SourceTitle "playchess.com"]
[Source "ChessBase"]
[SourceQuality "1"]
[TimeControl "5400+30"]

1. c4 e5 2. d3 Nf6 3. Nf3 Nc6 4. a3 d5 5. cxd5 Nxd5 6. e4 Nf6 7. Be2 a5 8. Qc2 {[%emt 0:05:45] The position is equal.} Bg4 9. Nbd2 Be7 10. h3 Bh5 11. b3 ({Better is} 11. g4 $14 Bg6 12. Qb3) 11... O-O $15 12. Bb2 Nd7 13. O-O Bc5 14. Rfc1 Ba7 {[%emt 0:06:15] [#]} (14... Re8 $15) 15. b4 $1 Bb6 (15... Qe7 16. b5) 16. b5 Na7 17. a4 (17. Bxe5 Nxe5 (17... Nxb5 18. Bxg7 Bxf3 19. Nxf3 $16) 18. Nxe5 Bxe2 $17) 17... Re8 18. Nc4 Bxf3 19. Bxf3 c6 20. Bg4 Nf6 21. Nxe5 (21. Bxe5 $16 cxb5 22. Nxb6 Qxb6 23. Bc7) 21... h5 $2 {[%emt 0:04:31] [#]} (21... Nxg4 $14 22. hxg4 (22. Nxg4 cxb5 23. d4 bxa4 $14) 22... cxb5) 22. Be2 cxb5 23. Qb3 (23. axb5 $18 {[%cal Od3d4] And now d4! would win.} Re6 24. Qa4) 23... Re6 (23... Rxe5 $16 {keeps fighting.} 24. Bxe5 Nc6) 24. axb5 $18 {[%emt 0:00:35] Hoping for Nc4.} Qe8 25. Nf3 Qxb5 26. Qxb5 Nxb5 27. d4 Nc7 28. Ng5 $36 {[%emt 0:00:55][%mdl 2048] Keeping Black busy.} Re7 29. Ba3 {[%emt 0:01:47] White is more active.} Rd7 30. d5 {[%emt 0:00:04] aiming for Rab1.} Bd4 (30... Nce8 $16 31. Rd1 Bc7) 31. Rab1 Rb8 32. Nf3 Ba7 (32... Bxf2+ 33. Kxf2 Nxe4+ 34. Kg1 (34. Ke3 Re8 $11) 34... Nxd5) 33. Ne5 {[%emt 0:00:07] White is clearly winning.} Nce8 {[%emt 0:01:57] Black is weak on the light squares} (33... Rdd8 $142 34. Nxf7 (34. Rxc7 Nxe4 35. Bf3 Bxf2+ 36. Kf1 Nd2+ 37. Kxf2 Nxb1 $18) 34... Kxf7 35. Rxc7+ Kg8) 34. Nxd7 Nxd7 35. Bb5 Ndf6 36. Rc4 g6 37. Be7 {[%emt 0:00:17] Weighted Error Value: White=0.21 (precise) /Black=0.41.  Loses game:     	---       	Black=1      Mistake:       	White=3     	Black=5      Inaccurate:     	---       	Black=1      OK:         	White=11    	Black=11     Best:        	White=1     	Black=2} 1-0

[Event "1000 GM Labor Day Super Swiss 2024"]
[Site "San Jose"]
[Date "2024.08.31"]
[Round "1.5"]
[White "Guo, Andrew"]
[Black "Mikaelyan, Arman"]
[Result "1/2-1/2"]
[Annotator "TA"]
[ECO "A64"]
[WhiteElo "2207"]
[BlackElo "2529"]
[PlyCount "90"]
[EventDate "2024.08.30"]
[EventCountry "USA"]
[SourceTitle "playchess.com"]
[Source "ChessBase"]
[SourceQuality "1"]
[TimeControl "5400+30"]

1. d4 Nf6 2. c4 e6 3. g3 c5 4. d5 exd5 5. cxd5 d6 6. Nc3 g6 7. Bg2 Bg7 8. Nf3 O-O 9. O-O Nbd7 10. Nd2 Re8 11. a4 a6 12. a5 Rb8 13. Nc4 Ne5 {[%emt 0:01:55] A64: Modern Benoni: Fianchetto Variation: 9...Nbd7 10 Nd2 a6 11 a4 Re8.} 14. Nb6 Nfd7 15. Nxc8 Qxc8 16. h3 Qc7 (16... f5 $11) 17. Ra4 $14 f5 18. e4 c4 $146 ({Predecessor:} 18... fxe4 19. Nxe4 Nf7 20. Qc2 Nf6 21. Nd2 Re7 22. Nc4 Rbe8 23. Be3 Ne5 24. b4 cxb4 25. Rxb4 Nxc4 26. Qxc4 Qxa5 {½-½ Bednar,M (2010)-Vesecky,M (1820) CZE-ch U16 Sec u Chrudimi 2008 (9)}) 19. Ra2 (19. exf5 $11 gxf5 20. Qc2) 19... Nc5 20. exf5 gxf5 21. Ne2 Ned3 22. Be3 Nb4 (22... Nxb2 $6 23. Qc2 c3 24. Nd4 $14 (24. Qxf5 Qf7 $11) (24. Nxc3 Ncd3 $17)) 23. Ra1 Bxb2 24. Rb1 c3 25. Nd4 $1 Qf7 (25... Qxa5 $2 26. Nxf5 $18) 26. h4 Ncd3 (26... Nxd5 $2 27. Nxf5 Qxf5 28. Bxd5+ Ne6 29. Qb3 $18) 27. Bh3 f4 $1 (27... Re5 $2 28. Nxf5 Kh8 (28... c2 $2 29. Nh6+ Kf8 30. Qg4 $18) 29. Rxb2 cxb2 30. Bd4 Qxd5 31. Qd2 $18 (31. Bxe5+ $2 Nxe5 32. Ne3 Nf3+ 33. Kh1 Qxd1 $19) (31. f4 Rg8 $18)) 28. gxf4 $1 (28. Be6 Rxe6 29. dxe6 Qg6 $17) 28... Kh8 (28... Nxf4 $2 29. Qg4+ Kh8 (29... Ng6 $2 30. Nf5 $18) 30. Qxf4 $18 (30. Bxf4 $2 Re4 $19)) 29. Kh2 (29. Be6 $5 Qf6 30. Qf3 $11) 29... Qf6 (29... Qxd5 30. Rg1 Rg8 (30... Qxa5 $2 31. Bf5 $18) 31. Rg5 Rxg5 32. hxg5 $16) (29... Nxf4 $2 30. Ne6 Nfxd5 31. Bd4+ Nf6 32. Qf3 $18) (29... Re4 $5 30. Qf3 Rxf4 (30... Qxd5 $2 31. Bf5 $18) 31. Bxf4 Nxf4 $11) 30. Qf3 $1 c2 (30... Qxh4 $2 31. Ne6 Rxe6 32. dxe6 $18) 31. Rxb2 $1 Rxe3 ({Much worse is} 31... Nxb2 $6 32. Ne6 Rxe6 (32... Qxh4 33. Bd4+) 33. dxe6 $16) 32. fxe3 Nxb2 33. Qe2 Rg8 (33... Nxd5 $11 {feels stronger.} 34. Nxc2 Nc3) 34. Nxc2 $16 Qxh4 $2 (34... Nxd5 $14 35. Rg1 Rxg1 36. Kxg1 Qc3) 35. Rf3 $1 $18 Nxd5 (35... N4d3 $142 36. Nd4 Rg6) 36. Nb4 $18 Nc3 $2 (36... Nf6 {is a better defense.}) 37. Qxb2 $18 Qe1 38. Bg2 Rg7 39. Qf2 Qb1 40. Nc2 Qb5 (40... Ne4 $142 41. Qe2 Qa2) 41. Nd4 $18 Qxa5 42. Qh4 Ne4 43. Rf1 Qd2 {[%emt 0:01:05] [#]} (43... Qa2 $142 44. Rg1 Nf2) 44. Rg1 $1 $18 ({Stronger than} 44. Qh3 Rg3 45. Qc8+ Rg8 $11) 44... Nf2 {[%emt 0:02:30] [#]} 45. Qd8+ $2 ({Only move:} 45. Nf3 $1 $18 Qe2 46. Qd8+ Rg8 47. Qf6+ (47. Qxd6 Ng4+ 48. Kh3 Qxe3 $18) 47... Rg7 48. Qxd6 Ng4+ 49. Kh3) 45... Rg8 1/2-1/2

[Event "1000 GM Labor Day Super Swiss 2024"]
[Site "San Jose"]
[Date "2024.08.31"]
[Round "1.6"]
[White "Koustav Chatterjee"]
[Black "Guo, Ethan"]
[Result "1-0"]
[Annotator "TA"]
[ECO "E60"]
[WhiteElo "2524"]
[BlackElo "2211"]
[PlyCount "65"]
[EventDate "2024.08.30"]
[EventCountry "USA"]
[SourceTitle "playchess.com"]
[Source "ChessBase"]
[SourceQuality "1"]
[TimeControl "5400+30"]

1. Nf3 Nf6 2. c4 g6 3. d4 Bg7 4. e3 O-O 5. Be2 c5 6. dxc5 Na6 7. O-O Nxc5 8. b4 {[%emt 0:00:04] The position is equal.} Nfe4 9. Nd4 Ne6 10. Bb2 Qb6 11. a3 a5 12. Nd2 Nxd4 13. exd4 d5 14. Nxe4 (14. cxd5 $6 Nd6 $11) 14... dxe4 15. Qd2 Rd8 16. Rfd1 Bf5 17. c5 Qe6 18. Rac1 (18. bxa5 $14 h5 19. h3) 18... axb4 $11 19. axb4 Bg4 20. Bc4 Qf5 (20... Qd7 $11) 21. Re1 $16 {[%emt 0:09:44][%cal Bd1e1,Be1e3,Be3e4][%mdl 32] h3 is the strong threat.} Be5 (21... Bxd4 $16 22. Bxd4 e5) 22. d5 $18 Bxb2 23. Qxb2 {[%emt 0:00:23] Strongly threatening h3.} Qg5 24. Kh1 (24. Rxe4 $2 Bf3 25. Bf1 Bxe4 $19) 24... Qf4 25. Re3 Rac8 (25... Bf5 {might work better.} 26. Kg1 h5) 26. h3 Bf5 27. g4 Bd7 28. Rce1 Qh6 (28... e6 {is a better defense.} 29. Rxe4 Qf3+ 30. Kh2 exd5 31. Bxd5 Be6) 29. Kg2 (29. Rxe4 Qxh3+ 30. Kg1 Bxg4 $16) 29... Qg5 30. Rxe4 h5 31. f3 ({Much less strong is} 31. Rxe7 hxg4 32. h4 Qf5) 31... hxg4 $2 (31... Re8 32. Qc3 hxg4) 32. hxg4 {[%emt 0:00:06][%cal Od5d6] aiming for d6!} (32. Rxe7 gxf3+ 33. Kxf3 Bxh3 $15) 32... Bf5 {[%emt 0:00:54] [#]} 33. Rh1 $1 {[%emt 0:00:29] Weighted Error Value: White=0.11 (very precise) /Black=0.30.  Mistake:       	White=1     	Black=5      Inaccurate:     	---       	Black=2      OK:         	White=14    	Black=11     Best:        	White=1     	Black=1} 1-0

[Event "1000 GM Labor Day Super Swiss 2024"]
[Site "San Jose"]
[Date "2024.08.31"]
[Round "1.7"]
[White "Piasetski, Leon"]
[Black "Cordova, Emilio"]
[Result "0-1"]
[Annotator "TA"]
[ECO "A21"]
[WhiteElo "2167"]
[BlackElo "2519"]
[PlyCount "84"]
[EventDate "2024.08.30"]
[EventCountry "USA"]
[SourceTitle "playchess.com"]
[Source "ChessBase"]
[SourceQuality "1"]
[TimeControl "5400+30"]

1. c4 e5 2. g3 d6 3. Bg2 f5 4. d4 Be7 5. Nc3 Nf6 6. dxe5 dxe5 7. Qxd8+ Bxd8 8. e4 Na6 9. Nf3 Nxe4 10. Nxe4 {[%emt 0:13:26] The position is equal.} fxe4 11. Nd2 e3 12. fxe3 Nb4 13. Be4 {[%emt 0:01:03] Inhibits Nc2+.} a5 14. a3 Nc6 15. b3 Bh3 16. Bb2 O-O 17. Ke2 Ra6 18. Bc3 Bf6 19. Kd3 Raa8 20. b4 Rad8+ 21. Kc2 $1 Bg5 22. b5 Ne7 23. Nf3 Bxe3 24. Nxe5 Bf5 25. Bxf5 Nxf5 26. Rad1 Bd4 27. Bxd4 Nxd4+ 28. Kc3 Ne2+ 29. Kc2 Rde8 30. Nd3 Re4 31. Kd2 b6 32. Rhe1 (32. Rde1 $5 Rfe8 $8 33. a4 $17) 32... Rfe8 $1 33. c5 g5 34. cxb6 cxb6 35. Ra1 (35. Nf2 $11 R4e6 36. a4) 35... h5 (35... Nd4 $1 $15 36. Rxe4 Rxe4) 36. Rab1 ({White should play} 36. a4 $11) 36... Kg7 $15 37. Rb2 Kg6 {[%emt 0:02:11] Black is more active.} 38. Rc2 $2 {[%emt 0:00:39] [#] White does not recover from this.} (38. a4 $1 $11 {and White stays safe.}) 38... Nd4 $1 $19 39. Rxe4 Rxe4 40. Rc7 (40. Rb2 $142) 40... Re2+ {[%emt 0:00:23] Black has a decisive advantage.} (40... Nxb5 41. Rc6+ Kf5 42. Rxb6 Nxa3 43. Ra6 $17) 41. Kd1 Rxh2 42. Rb7 {[%emt 0:00:11] [#]} Kf5 $1 {[%emt 0:00:21] Weighted Error Value: White=0.19 (very precise) /Black=0.09 (flawless) .  Mistake:       	White=4     	Black=1      Inaccurate:     	White=2     	Black=2      OK:         	White=18    	Black=12     Best:        	---       	Black=3      Strong:       	White=1     	Black=2} ({And not} 42... Nxb5 43. Rxb6+ $14) 0-1

[Event "1000 GM Labor Day Super Swiss 2024"]
[Site "San Jose"]
[Date "2024.08.31"]
[Round "1.8"]
[White "Schitco, Ivan"]
[Black "Zuluaga Mancilla, Cesar"]
[Result "1-0"]
[Annotator "TA"]
[ECO "A29"]
[WhiteElo "2518"]
[BlackElo "2166"]
[PlyCount "63"]
[EventDate "2024.08.30"]
[EventCountry "USA"]
[SourceTitle "playchess.com"]
[Source "ChessBase"]
[SourceQuality "1"]
[TimeControl "5400+30"]

1. c4 e5 2. Nc3 Nf6 3. Nf3 Nc6 4. g3 d5 5. cxd5 Nxd5 6. Bg2 Nb6 7. O-O Be7 8. d3 O-O 9. Be3 Re8 10. Rc1 Bf8 11. a4 h6 12. Nd2 (12. d4 {is more complex.} e4 13. Ne5 f5 14. g4) 12... Bd7 13. Nb3 {[%emt 0:03:19] The position is equal.} a5 14. Nc5 Bxc5 15. Bxc5 Be6 16. Nb5 Nd5 17. Qd2 Qd7 18. f4 exf4 19. gxf4 {[%emt 0:00:06][%cal Of4f5] [#] f5! is the strong threat.} f5 20. Nd4 Nxd4 21. Bxd4 Qxa4 22. Be5 {[%emt 0:02:25][%cal Oe2e4] A strong pair of Bishops.} c6 23. Qe1 Qb4 24. Qg3 Qe7 25. Kh1 Rf8 26. Rg1 $1 {[%emt 0:00:50] aiming for Bxd5.} Nf6 27. Bf3 Qf7 28. Qh4 Bd5 $2 {[%emt 0:07:21][%mdl 8192] [#]} (28... Ng4 29. Bxg4 fxg4 30. h3 $16) (28... Kh7 $1 $11 {and Black has nothing to worry.}) 29. e4 $1 $18 {[%emt 0:03:47] White is clearly winning.} (29. Qxh6 Ng4 30. Qh4 Rae8 $16) 29... fxe4 30. dxe4 Be6 31. f5 ({Not} 31. Qxh6 Bg4 32. Bxg4 (32. Rxg4 $2 {is the wrong capture.} Nxg4 33. Bxg4 gxh6 $19) 32... gxh6 $16) 31... Bd7 32. Rg6 {[%emt 0:01:37] Weighted Error Value: White=0.07 (flawless) /Black=0.29 (precise) .  Loses game:     	---       	Black=1      Inaccurate:     	White=3     	Black=3      OK:         	White=6     	Black=10     Strong:       	White=2     	---} 1-0

[Event "1000 GM Labor Day Super Swiss 2024"]
[Site "San Jose"]
[Date "2024.08.31"]
[Round "1.9"]
[White "Yan, Nathan"]
[Black "Delgado Ramirez, Neuris"]
[Result "0-1"]
[Annotator "TA"]
[ECO "B90"]
[WhiteElo "2160"]
[BlackElo "2485"]
[PlyCount "70"]
[EventDate "2024.08.30"]
[EventCountry "USA"]
[SourceTitle "playchess.com"]
[Source "ChessBase"]
[SourceQuality "1"]
[TimeControl "5400+30"]

1. e4 c5 2. Nf3 d6 3. d4 cxd4 4. Nxd4 Nf6 5. Nc3 a6 6. Be3 e5 7. Nb3 Be6 8. f3 h5 9. Qd2 Nbd7 10. Nd5 Nxd5 11. exd5 Bf5 12. Be2 {[%emt 0:02:04] The position is equal.} Be7 13. O-O Bg6 14. Na5 Rb8 (14... Qb8 $11) 15. c4 f5 16. f4 Nf6 17. Qb4 {[%emt 0:09:27] And now Bb6 would win.} exf4 18. Bxf4 (18. Nxb7 $2 fxe3 19. Nxd8 Rxb4 $19) 18... Ne4 19. Nb3 (19. Nxb7 $2 Qd7 20. Rab1 O-O $19 (20... Rxb7 $2 21. Qa5 $19) (20... Qxb7 $2 21. Qa4+ Kf7 22. Bf3 $19)) 19... Bf6 {[%emt 0:00:14] Against Nd4} (19... Qd7 $14) 20. Bd3 {[%emt 0:03:17] [#] Bxe4 is the strong threat.} Bxb2 $2 (20... b5 $16) 21. Bxe4 $1 $18 Bxa1 22. Bxd6 $2 (22. Qxd6 Qxd6 23. Bxd6 Rd8 $15) (22. Rxa1 fxe4 23. Bxd6 (23. Qxd6 $2 Qxd6 24. Bxd6 Rc8 $17) 23... h4 24. Bxb8 Qxb8) (22. Nxa1 $18 {is more deadly.} fxe4 23. Bxd6 (23. Qxd6 $2 Qxd6 24. Bxd6 Rc8 $19)) 22... Bc3 $16 23. Qxc3 Qxd6 24. Bxf5 ({Better is} 24. Qxg7 $16 Rh7 25. Qd4) 24... O-O $1 $15 (24... Bxf5 $2 25. Rxf5 Qb6+ 26. c5 $18) 25. Nd4 (25. c5 $2 Qxd5 26. g4 (26. Bxg6 $2 Rxf1+ 27. Kxf1 Rf8+ 28. Ke1 Qe6+ 29. Kd1 Rf1+ 30. Kc2 Rf2+ 31. Nd2 Qxg6+ 32. Kc1 Qxg2 $19) 26... Bxf5 27. gxf5 Rxf5 28. Rxf5 Qxf5 $19) (25. Be6+ $1 $15 Kh7 26. Rc1) 25... Bxf5 26. Nxf5 Qf6 $36 {[%emt 0:00:16][%mdl 2048] White is under strong pressure.} 27. Qb4 (27. Qc1 $17) 27... Rf7 $19 28. d6 {[%emt 0:03:58] [#] Ne7+ would now be deadly.} Rbf8 $1 {[%emt 0:00:14][%cal Of6d4] ( -> ...Qd4+!)} 29. Qe1 (29. h3 {is a better defense.} Kh7 30. Qd2) 29... Kh7 30. Qd1 Qg6 31. Ng3 h4 32. Rxf7 Rxf7 ({Don't play} 32... Qxf7 33. Qd3+ Kg8 34. Ne4 $19) 33. Nf1 ({Avoid the trap} 33. d7 $2 Qb6+ (33... hxg3 $2 {loses.} 34. d8=Q $18) 34. Kh1 hxg3 $19 (34... Rxd7 $2 35. Qh5+ Qh6 36. Qxh6+ gxh6 37. Nf1 $19)) 33... Qf5 34. Qe1 {[%emt 0:00:40] Inhibits Qf2+.} Qc5+ 35. Ne3 Kg8 {[%emt 0:02:43] Weighted Error Value: White=0.52/Black=0.21 (precise) .  Loses game:     	---       	Black=1      Missed win:     	White=1     	---        Mistake:       	White=4     	Black=2      Inaccurate:     	White=4     	---        OK:         	White=8     	Black=12     Best:        	White=1     	Black=2      Strong:       	White=1     	Black=2} 0-1